 Dungeon Crawl Stone Soup version 0.19.5 (webtiles) character file.

73432 DwarfAlpaca the Zephyrmancer (level 15, -5/95 HPs)
             Began as a Tengu Air Elementalist on May 23, 2017.
             Was a High Priest of Sif Muna.
             Slain by an orc warrior
             ... wielding a +0 glaive
              (45 damage)
             ... on level 2 of the Orcish Mines.
             The game lasted 02:32:25 (35386 turns).

DwarfAlpaca the Zephyrmancer (TeAE)                Turns: 35386, Time: 02:32:25

Health: -5/95      AC: 11    Str:  8    XL:     15   Next: 43%
Magic:  23/30      EV: 29    Int: 27    God:    Sif Muna [*****.]
Gold:   1964       SH:  0    Dex: 19    Spells: 8 memorised, 14 levels left

rFire  + + .     SeeInvis +     b - staff of air
rCold  . . .     Gourm    +     T - +1 robe of Shadows and Fog {rF+ rN+ Str+2}
rNeg   + . .     Faith    .     (no shield)
rPois  .         Spirit   .     f - +2 hat {MR+}
rElec  +         Reflect  .     v - +0 cloak
rCorr  .         Harm     .     L - +2 pair of gloves
MR     ++...                    (boots unavailable)
Stlth  ++........               q - amulet "Teghug" {Gourm rElec}
                                P - ring "Vank" {Fire Str-4 Int+5 Dex+4}
                                s - ring of protection from cold

@: flying quickly and evasively, repel missiles, divine energy, quick
A: beak, talons 3, repulsion field 1, iridescent scales 1, see invisible, clever
1, wild magic 2, able to fly 2
a: Stop Flying, Stop Divine Energy, Channel Magic, Forget Spell, Renounce
Religion


You were on level 2 of the Orcish Mines.
You worshipped Sif Muna.
Sif Muna was extremely pleased with you.
You were completely stuffed.

You visited 4 branches of the dungeon, and saw 21 of its levels.
You also visited: Labyrinth and Ice Cave.

You collected 1964 gold pieces.

Inventory:

Armour
 f - a +2 hat of magic resistance (worn)
 v - a +0 cloak (worn)
 L - a +2 pair of gloves (worn)
 T - the +1 robe of Shadows and Fog (worn) {rF+ rN+ Str+2}
   (You took it off an efreet on level 11 of the Dungeon)

   It affects your strength (+2).
   It protects you from fire.
   It protects you from negative energy.
Magical Staves
 b - an uncursed staff of air (weapon)
Jewellery
 q - the amulet "Teghug" (around neck) {Gourm rElec}
   (You found it on level 9 of the Dungeon)

   [amulet of the gourmand]

   It allows you to eat raw meat even when not hungry.
   It insulates you from electricity.
 s - a ring of protection from cold (left hand)
 P - the ring "Vank" (right hand) {Fire Str-4 Int+5 Dex+4}
   (You found it in a labyrinth)

   [ring of fire]

   It enhances your fire magic.
   It affects your strength (-4).
   It affects your intelligence (+5).
   It affects your dexterity (+4).
   It protects you from fire.
   It makes you vulnerable to cold.
Wands
 a - a wand of iceblast (2/15)
 e - a wand of acid (11/15)
 k - a wand of confusion (23/48)
 r - a wand of polymorph (14/24)
 y - a wand of lightning (2/15)
 Q - a wand of teleportation (4/9)
 U - a wand of paralysis (12/24)
Scrolls
 i - 7 scrolls of remove curse
 m - 2 scrolls of recharging
 t - 6 scrolls of identify
 w - 2 scrolls of magic mapping
 x - 3 scrolls of enchant armour
 A - 2 scrolls of enchant weapon
 C - a scroll of fear
 E - a scroll of blinking
 M - 3 scrolls of teleportation
 V - 2 scrolls of silence
Potions
 d - a potion of haste
 h - a potion of invisibility
 j - a potion of curing
 l - 2 potions of magic
 n - 4 potions of resistance
 z - 8 potions of lignification
 B - a potion of heal wounds
 K - 2 potions of berserk rage
Books
 H - a book of Conjurations

   Spells                             Type                      Level
   a - Magic Dart                     Conjuration                  1
   b - Searing Ray                    Conjuration                  2
   c - Dazzling Spray                 Conjuration/Hexes            3
   d - Fulminant Prism                Conjuration/Hexes            4
   e - Iskenderun's Mystic Blast      Conjuration                  4
   f - Iskenderun's Battlesphere      Conjuration/Charms           5
Comestibles
 c - 12 slices of pizza
 g - 4 chunks of flesh
 o - a meat ration
 u - 17 fruits
 D - 13 bread rations
 I - a royal jelly
 J - 3 beef jerkies


   Skills:
 + Level 11.3 Fighting
 + Level 12.4 Dodging
 - Level 2.0 Stealth
 + Level 10.4 Spellcasting
 + Level 14.1 Conjurations
 + Level 14.4 Air Magic
 + Level 9.9 Invocations


You had 14 spell levels left.
You knew the following spells:

 Your Spells              Type           Power        Failure   Level  Hunger
a - Shock                 Conj/Air       ####         1%          1    None
b - Repel Missiles        Chrm/Air       ######       2%          2    None
c - Swiftness             Chrm/Air       #######.     2%          2    None
d - Lightning Bolt        Conj/Air       ########..   2%          5    ###....
e - Passwall              Tmut/Erth      ###.......   17%         2    None
f - Iskenderun's Battles  Conj/Chrm      ######..     17%         5    ###....
g - Blink                 Tloc           N/A          17%         2    None
h - Apportation           Tloc           ###.......   12%         1    None


Dungeon Overview and Level Annotations

Branches:
Dungeon (12/15)            Temple (1/1) D:4            Lair (6/6) D:8
 Shoals (0/4) Lair:4        Snake (0/4) Lair:4        Slime (0/5) Lair:5
    Orc (2/2) D:11            Elf (0/3) Orc:2

Altars:
Ashenzari
Cheibriados
Dithmenos
Elyvilon
Fedhas
Gozag
Hepliaklqana
Kikubaaqudgha
Makhleb
Nemelex Xobeh
Okawaru
Qazlal
Ru
Sif Muna
Trog
Uskayaw
Vehumet
Xom
Yredelemnul
Zin
The Shining One

Shops:
D:4 (   D:5 %   D:10 (

Annotations:
Orc:1 exclusion: downstairs
Orc:2 Donald, Saint Roka


Innate Abilities, Weirdness & Mutations

You have a beak for a mouth.
You have claws for feet.
You can fly continuously.
You are surrounded by a mild repulsion field. (EV +2)
You are partially covered in iridescent scales. (AC +2)
You have supernaturally acute eyesight. (SInv)
Your mind is acute. (Int +2)
Your spells are harder to cast, but more powerful.


Message History

Beogh smites you!
The orc wizard mumbles some strange words.
The orc wizard blinks!
Saint Roka roars a battlecry!
Saint Roka says, "Down here, you're an orc or you're nobody."
Saint Roka calls down the wrath of Beogh upon you.
Beogh smites you!
You hear a shout!
The orc wizard gestures wildly while chanting.
The orc wizard blinks!
Saint Roka invokes the aid of Beogh against you.
Beogh smites you! The orc completely misses you.
Saint Roka invokes the aid of Beogh against you.
Beogh smites you!
Saint Roka roars a battlecry!
The orc warrior goes into a battle-frenzy!
The orc warrior completely misses you.
The orc warrior hits you from afar with a glaive!!!
You die...

......)[...[...## ..# #
.....)<......#####.##
##.#.......)[###.#...#
##..#......[.)....[#.#
#........[.[[).[..#.#.##
#..#.)...[.[).........#
##.####....[[[#.....#.##
#.........o.o..........#
##....oo...o.@............
#.........................
##...........(........#.##.
#...............(.....###
#................#.....
##.##..................
###.......#.........##
##.###............. ###
...........


You could see Saint Roka, an orc warrior, an orc wizard and 2 orcs.

Vanquished Creatures
  Rupert (D:11)
  Gastronok (D:8)
  Azrael (D:11)
  A minotaur (Lab)
  A fire dragon (Lair:6)
  Fannar (D:10)
  Erolcha (Orc:2)
  7 hydras
  A catoblepas (Lair:4)
  A centaur warrior (D:11)
  A death yak (Lair:4)
  An orc high priest (Orc:2)
  A fire crab (Lair:6)
  5 hill giants
  A phantasmal warrior (D:11)
  5 orc knights
  10 deep elf magi
  3 ugly things
  3 orc sorcerers (Orc:1)
  2 cyclopes (D:11)
  A manticore (D:11)
  An eye of devastation (Lair:5)
  2 ice statues (IceCv)
  13 elephants
  3 molten gargoyles (Lair:6)
  9 black mambas
  13 spiny frogs
  2 torpor snails
  3 gargoyles
  4 rime drakes
  12 komodo dragons
  An efreet (D:11)
  2 trolls
  2 two-headed ogres
  A hornet (D:11)
  11 hippogriffs
  9 blink frogs
  2 dream sheep (Lair:2)
  Sigmund (D:2)
  3 hogs (D:8)
  3 fire elementals
  6 wyverns
  A human (D:8)
  15 yaks
  Grum (D:8)
  A steam dragon (Lair:6)
  A wraith (D:10)
  Eustachio (D:6)
  5 basilisks
  A hungry ghost (D:11)
  Menkaure (D:5)
  2 mottled dragons
  4 wargs (Orc:1)
  A naga (Lair:4)
  13 water moccasins
  Duvessa (D:7)
  8 hell hounds
  12 porcupines
  22 orc warriors
  10 ice beasts
  A sky beast (D:7)
  A phantom (D:7)
  2 black bears
  2 eyes of draining
  10 centaurs
  8 ogres
  2 wolves (D:8)
  13 crocodiles
  3 big kobolds
  17 bullfrogs
  A wyvern zombie (D:8)
  Dowan (D:7)
  A water moccasin zombie (D:8)
  A wyvern skeleton (D:11)
  6 scorpions
  2 killer bees (D:11)
  11 wights
  5 howler monkeys
  2 electric eels (D:8)
  5 lava snakes (Lair:6)
  8 crimson imps
  6 hounds
  A quasit (D:11)
  5 centaur skeletons
  2 centaur zombies
  A bullfrog zombie (D:10)
  2 jellies
  20 orc wizards
  27 orc priests
  A bullfrog skeleton (D:11)
  Terence (D:2)
  8 iguanas
  10 worker ants
  3 hound zombies
  2 hound skeletons
  A howler monkey zombie (D:6)
  3 worker ant zombies
  A howler monkey skeleton (D:4)
  15 gnolls
  8 adders
  6 shadow imps
  3 adder skeletons
  6 worms
  A dart slug (D:1)
  5 leopard geckos
  76 orcs
  10 bats
  8 giant cockroaches
  7 hobgoblins
  9 jackals
  5 quokkas
  A ball python skeleton (D:5)
  2 frilled lizards
  10 goblins
  A jackal skeleton (D:3)
  A jackal zombie (D:3)
  21 kobolds
  2 quokka zombies (D:3)
  7 rats
  5 plants
657 creatures vanquished.

Vanquished Creatures (others)
  A wyvern (D:11)
  A bullfrog zombie (D:11)
  A jelly (D:11)
  A ball lightning (D:7)
  10 fungi
  14 plants
28 creatures vanquished.

Grand Total: 685 creatures vanquished

Notes
Turn   | Place    | Note
-------+----------+-------------------------------------------
     0 | D:1      | DwarfAlpaca the Tengu Air Elementalist began the quest for the Orb.
     0 | D:1      | Reached XP level 1. HP: 10/10 MP: 4/4
   189 | D:1      | Reached XP level 2. HP: 7/15 MP: 3/6
  1044 | D:1      | Reached XP level 3. HP: 20/20 MP: 3/7
  1644 | D:2      | Noticed Terence
  1648 | D:2      | Noticed Sigmund
  1663 | D:2      | HP: 1/20 [Terence/wand of flame (7)]
  2279 | D:3      | Reached skill level 1 in Fighting
  2279 | D:3      | Reached XP level 4. HP: 22/25 MP: 8/8
  2717 | D:3      | Found a glowing silver altar of Zin.
  2741 | D:3      | Reached skill level 5 in Air Magic
  2741 | D:3      | Gained mutation: You can fly. [Tengu growth]
  2741 | D:3      | Reached XP level 5. HP: 29/29 MP: 3/10
  2892 | D:3      | Learned a level 2 spell: Repel Missiles
  3048 | D:3      | Learned a level 2 spell: Swiftness
  3522 | D:3      | Found a sparkling altar of Nemelex Xobeh.
  3522 | D:3      | Found a shadowy altar of Dithmenos.
  3665 | D:3      | Reached XP level 6. HP: 35/35 MP: 11/11
  3773 | D:4      | Found a staircase to the Ecumenical Temple.
  3778 | Temple   | Entered the Ecumenical Temple
  3878 | Temple   | Became a worshipper of Sif Muna the Loreminder
  4595 | D:4      | Found Focyzo's Weapon Boutique.
  4774 | D:4      | Reached XP level 7. HP: 40/40 MP: 9/13
  4839 | D:4      | Reached skill level 1 in Invocations
  5799 | D:2      | Killed Terence
  6519 | D:5      | Entered Level 5 of the Dungeon
  6519 | D:5      | Noticed Menkaure
  6525 | D:5      | Killed Menkaure
  7158 | D:2      | Killed Sigmund
  7158 | D:2      | Reached * piety under Sif Muna
  7158 | D:2      | Reached XP level 8. HP: 26/46 MP: 6/14
  7276 | D:3      | Reached skill level 5 in Dodging
  7752 | D:5      | Reached skill level 5 in Conjurations
  8051 | D:5      | Found Ykeozaut's Food Shoppe.
  8867 | D:6      | Noticed Eustachio
  8868 | D:6      | Noticed Grinder
  8892 | D:6      | Killed Eustachio
  8892 | D:6      | Reached XP level 9. HP: 47/52 MP: 6/16
  9370 | D:6      | Noticed Grinder
  9370 | D:6      | Grinder changed into Grinder the hell hound
  9446 | D:6      | Reached skill level 5 in Spellcasting
  9668 | D:7      | Reached ** piety under Sif Muna
  9919 | D:7      | Gained mutation: You have supernaturally acute eyesight. (SInv) [potion of mutation]
  9919 | D:7      | Gained mutation: You are partially covered in iridescent scales. (AC +2) [potion of mutation]
  9919 | D:7      | Gained mutation: You are surrounded by a mild repulsion field. (EV +2) [potion of mutation]
  9920 | D:7      | Gained mutation: Your spells are a little harder to cast, but a little more powerful. [potion of beneficial mutation]
  9921 | D:7      | Gained mutation: Your spells are harder to cast, but more powerful. [potion of beneficial mutation]
  9922 | D:7      | Gained mutation: Your mind is acute. (Int +2) [potion of beneficial mutation]
  9931 | D:7      | Learned a level 5 spell: Lightning Bolt
 10065 | D:7      | Noticed Duvessa
 10105 | D:7      | Reached skill level 5 in Fighting
 10306 | D:7      | Killed Duvessa
 10309 | D:7      | Noticed Dowan
 10314 | D:7      | Killed Dowan
 10720 | D:6      | Killed Grinder the hell hound
 10817 | D:6      | Found a glowing golden altar of the Shining One.
 10877 | D:6      | Found an opulent altar of Gozag.
 10900 | D:8      | Noticed Grum
 11002 | D:8      | Noticed a komodo dragon
 11021 | D:8      | Killed a komodo dragon
 11021 | D:8      | Reached XP level 10. HP: 59/59 MP: 12/19
 11238 | D:8      | Found a staircase to the Lair.
 11541 | D:8      | Reached *** piety under Sif Muna
 12010 | D:8      | Killed Grum
 12226 | D:8      | Noticed Gastronok
 12468 | D:8      | Reached skill level 5 in Invocations
 13349 | D:9      | Got a clouded ivory amulet
 13391 | D:9      | Reached XP level 11. HP: 32/66 MP: 16/21
 13773 | D:10     | Entered Level 10 of the Dungeon
 14195 | D:10     | Noticed Fannar
 14308 | D:10     | Noticed a hill giant
 14318 | D:10     | Killed a hill giant
 14322 | D:10     | Reached **** piety under Sif Muna
 14343 | D:10     | Reached skill level 10 in Air Magic
 14618 | D:10     | Found Kanun's Antique Weapon Boutique.
 14744 | D:10     | HP: 2/67 [Fannar/Ozocubu's Refrigeration (22)]
 15268 | D:10     | Killed Fannar
 15543 | D:11     | Found a labyrinth entrance.
 15650 | Lab      | Entered a labyrinth
 16897 | Lab      | Noticed a minotaur
 16929 | Lab      | Killed a minotaur
 16954 | Lab      | Got a heavily runed glass ring
 16958 | Lab      | Identified the Incunabulum of the Mountains
 16992 | D:11     | Identified the amulet "Teghug" {Gourm rElec} (You found it on level 9 of the Dungeon)
 16993 | D:11     | Identified the ring "Vank" {Fire Str-4 Int+5 Dex+4} (You found it in a labyrinth)
 17277 | D:11     | Learned a level 2 spell: Passwall
 17415 | D:11     | Noticed a cyclops
 17435 | D:11     | Killed a cyclops
 17625 | D:11     | Noticed a cyclops
 17631 | D:11     | Reached skill level 10 in Conjurations
 17789 | D:11     | Noticed a centaur warrior
 18043 | D:11     | Killed a cyclops
 18575 | D:11     | Reached XP level 12. HP: 73/73 MP: 24/24
 18578 | D:11     | Found a staircase to the Orcish Mines.
 18879 | D:11     | Reached ***** piety under Sif Muna
 18998 | D:11     | Identified Otuguf's Catalogue of the Frostbite and Calling (Sif Muna gifted it to you on level 11 of the Dungeon)
 18998 | D:11     | Received a gift from Sif Muna
 20259 | D:11     | Killed a centaur warrior
 20731 | D:11     | Reached skill level 10 in Dodging
 21115 | D:11     | Got a slimy robe
 21116 | D:11     | Identified the +1 robe of Shadows and Fog {rF+ rN+ Str+2} (You took it off an efreet on level 11 of the Dungeon)
 21270 | Lair:1   | Entered Level 1 of the Lair of Beasts
 22341 | Lair:1   | Reached XP level 13. HP: 80/80 MP: 20/26
 23386 | Lair:2   | Found a hazy altar of Hepliaklqana.
 25983 | Lair:4   | Found a staircase to the Shoals.
 26258 | Lair:4   | Found a staircase to the Snake Pit.
 27147 | Lair:4   | Learned a level 5 spell: Iskenderun's Battlesphere
 27228 | Lair:3   | Reached skill level 10 in Fighting
 27473 | Lair:5   | Identified Sif Muna's Grimoire of Arcane Weapons and Poisoning (Sif Muna gifted it to you on level 5 of the Lair of Beasts)
 27473 | Lair:5   | Received a gift from Sif Muna
 27473 | Lair:5   | Gained mutation: You can fly continuously. [Tengu growth]
 27473 | Lair:5   | Reached XP level 14. HP: 88/88 MP: 2/28
 27665 | Lair:5   | Found a staircase to the Slime Pits.
 28244 | Lair:5   | You fall through a shaft!
 28244 | Lair:6   | Entered Level 6 of the Lair of Beasts
 29176 | Lair:6   | Learned a level 2 spell: Blink
 29216 | Lair:6   | Identified a scroll of acquirement
 31202 | Lair:6   | Found a large runed door.
 31202 | Lair:6   | Found a large runed door.
 31808 | D:8      | Killed Gastronok
 31808 | D:8      | Reached skill level 10 in Spellcasting
 32058 | Orc:1    | Entered Level 1 of the Orcish Mines
 32211 | Orc:1    | Found a frozen archway.
 32395 | IceCv    | Entered an ice cave
 33019 | Orc:2    | Entered Level 2 of the Orcish Mines
 33019 | Orc:2    | Found a staircase to the Elven Halls.
 33019 | Orc:2    | Noticed Rupert
 33019 | Orc:2    | Noticed Azrael
 33033 | D:11     | Killed Azrael
 33167 | D:11     | Killed Rupert
 33167 | D:11     | Reached XP level 15. HP: 91/94 MP: 14/30
 33301 | Orc:1    | Identified Sif Muna's Volume of Quantum Transmigration (Sif Muna gifted it to you on level 1 of the Orcish Mines)
 33301 | Orc:1    | Received a gift from Sif Muna
 33308 | Orc:1    | Learned a level 1 spell: Apportation
 33559 | Orc:2    | Noticed Erolcha
 33698 | Orc:2    | Noticed Donald
 34493 | Orc:2    | Killed Erolcha
 34956 | Orc:2    | Noticed Saint Roka
 35386 | Orc:2    | Slain by an orc warrior

Skill      XL: |  1  2  3  4  5  6  7  8  9 10 11 12 13 14 15 |
---------------+----------------------------------------------+-----
Fighting       | 1 2 3 4 5 6 7 8 10 11 | 11.3
Dodging        | 3 4 5 6 8 9 10 11 12 | 12.4
Conjurations   | 2 3 4 6 7 8 10 11 12 13 14 | 14.1
Air Magic      | 5 6 7 8 9 10 11 12 13 14 | 14.4
Spellcasting   | 3 4 5 6 7 8 9 10 | 10.4
Invocations    | 2 3 4 5 6 7 8 9 |  9.9
Stealth        | |  2.0

Action                   |  1- 3 |  4- 6 |  7- 9 | 10-12 | 13-15 || total
-------------------------+-------+-------+-------+-------+-------++-------
Melee: Short sword       |   112 |    79 |   193 |   583 |   216 ||  1183
       Kick              |    21 |    20 |    55 |   210 |   152 ||   458
       Peck              |    16 |    18 |    30 |   135 |    96 ||   295
       Staff             |       |       |       |       |   216 ||   216
 Cast: Shock             |    16 |    61 |   209 |   131 |   118 ||   535
       Repel Missiles    |       |     1 |     3 |     2 |       ||     6
       Swiftness         |       |     1 |       |       |       ||     1
       Lightning Bolt    |       |       |     4 |    97 |   268 ||   369
       Passwall          |       |       |       |     2 |       ||     2
       Iskenderun's Batt |       |       |       |       |    18 ||    18
       Blink             |       |       |       |       |     1 ||     1
Invok: Divine Energy     |       |       |     1 |       |       ||     1
       Channel Magic     |       |       |       |       |     2 ||     2
 Abil: Fly               |       |       |     5 |    12 |     2 ||    19
Evoke: Wand              |       |       |     6 |     3 |     5 ||    14
  Use: Potion            |       |     1 |     6 |     1 |     2 ||    10
       Scroll            |       |       |    17 |    11 |    22 ||    50
 Stab: Sleeping          |     6 |     4 |     2 |     4 |       ||    16
       Distracted        |       |     1 |       |     2 |       ||     3
  Eat: Chunk             |     3 |     5 |    13 |    66 |    80 ||   167
       Bread ration      |       |     1 |     1 |       |       ||     2
       Meat ration       |       |       |     1 |     3 |     1 ||     5
       Fruit             |       |       |       |     1 |     1 ||     2
Armor: Robe              |    19 |    12 |    19 |   145 |    71 ||   266
Dodge: Dodged            |    81 |    67 |   187 |   765 |   645 ||  1745
       Deflected         |       |     2 |     5 |    17 |     9 ||    33
